 Dungeon Crawl Stone Soup version 0.28.0-47-ge53b351184 (webtiles) character file.

Game seed: 15307597751408814516

12911 pkoi the Destroyer (level 11, -2/86 HPs)
             Began as a Demigod Conjurer on May 2, 2022.
             Killed from afar by a bog body (31 damage)
             ... with a bolt of cold
             ... summoned by a worldbinder
             ... in a Gauntlet.
             The game lasted 00:27:44 (19718 turns).

pkoi the Destroyer (Demigod Conjurer)              Turns: 19718, Time: 00:27:47

Health: -2/86      AC: 10    Str:  8    XL:     11   Next: 41%
Magic:  1/21       EV: 14    Int: 32    God:
Gold:   1234       SH:  0    Dex: 12    Spells: 7/19 levels left

rFire   . . .      SeeInvis .   C - +2 dagger (venom)
rCold   . . .      Faith    .   (no shield)
rNeg    . . .      Spirit   .   I - +0 steam dragon scales
rPois   .          Reflect  .   r - +1 helmet
rElec   .          Harm     .   F - +0 cloak
rCorr   .          Rampage  .   d - +0 pair of gloves
Will    +....      NoTele   +   (no boots)
Stlth   ++........              p - amulet of magic regeneration
HPRegen 0.24/turn               b - ring of flight
MPRegen 0.57/turn               t - +4 ring of slaying

@: flying
A: high MP 1, forlorn, divine attributes
a: no special abilities


You were in a Gauntlet.
You visited 1 branch of the dungeon, and saw 11 of its levels.
You also visited: Sewer and Gauntlet.

You collected 1234 gold pieces.

Inventory:

Hand Weapons
 e - a +0 short sword
 j - a +2 vampiric short sword
 q - a +2 spear of venom
 C - a +2 dagger of venom (weapon)
Missiles
 g - 11 poisoned darts
 A - a throwing net
Armour
 d - a +0 pair of gloves (worn)
 r - a +1 helmet (worn)
 F - a +0 cloak (worn)
 I - +0 steam dragon scales (worn)
Jewellery
 b - a ring of flight (left hand)
 p - an amulet of magic regeneration (around neck)
 t - a +4 ring of slaying (right hand)
Wands
 l - a wand of polymorph (9)
 y - a wand of acid (5)
 z - a wand of flame (37)
Scrolls
 c - 3 scrolls of amnesia
 u - a scroll of enchant armour
 v - a scroll of blinking
 x - 2 scrolls of teleportation
 B - a scroll of silence
 D - 2 scrolls of enchant weapon
 E - a scroll of fear
Potions
 a - a potion of lignification
 f - 2 potions of heal wounds
 h - 7 potions of ambrosia
 i - 2 potions of invisibility
 k - 2 potions of magic
 m - 2 potions of curing
 n - a potion of brilliance
 s - a potion of haste
 w - a potion of resistance
 H - a potion of berserk rage


   Skills:
 + Level 5.0 Fighting
 + Level 5.0 Armour
 + Level 6.5 Dodging
 - Level 1.7 Stealth
 + Level 4.7 Spellcasting
 - Level 10.1 Conjurations
 + Level 6.9 Hexes
 - Level 6.0 Translocations
 + Level 3.5 Evocations


You had 7 spell levels left.
You knew the following spells:

 Your Spells              Type           Power      Damage    Failure   Level
a - Magic Dart            Conj           100%       1d8       1%          1
b - Searing Ray           Conj           100%       2d8       1%          2
c - Iskenderun's Mystic   Conj/Tloc      56%        2d12      1%          4
d - Fulminant Prism       Conj/Hex       29%        3d14      1%          4
e - Apportation           Tloc           90%        N/A       1%          1

Your spell library contained the following spells:

 Spells                   Type           Power      Damage    Failure   Level
 Ensorcelled Hibernation  Hex/Ice        58%        N/A       1%          2
 Dazzling Flash           Conj/Hex       100%       N/A       1%          3
 Stone Arrow              Conj/Erth      78%        3d11      1%          3
 Tukima's Dance           Hex            51%        N/A       1%          3
 Animate Skeleton         Necr           14%        N/A       5%          1
 Pain                     Necr           28%        1d5       5%          1
 Sandblast                Erth           14%        2d6       5%          1
 Summon Small Mammal      Summ           28%        N/A       5%          1
 Passwall                 Tmut/Erth      5%         N/A       8%          2
 Anguish                  Hex/Necr       14%        N/A       13%         4
 Swiftness                Air            7%         N/A       16%         3
 Agony                    Necr           7%         N/A       82%         5
 Excruciating Wounds      Necr           3%         N/A       82%         5
 Enfeeble                 Hex            25%        N/A       95%         7


Dungeon Overview and Level Annotations

Branches:
Dungeon (11/15)            Temple (0/1) D:7            Lair (0/6) D:11
    Orc (0/2) D:11          Sewer (visited)         Gauntlet (1/1)

Shops:
D:5 :

Annotations:
D:3 2 transporters, BobtheKiller's ghost, weakling TrMo
D:8 1 runed translucent door Gauntlet 21 runed translucent doors, 9 transporters


Innate Abilities, Weirdness & Mutations

You have an increased reservoir of magic. (+10% MP)
You shall have no god before yourself.
Your divine heritage dramatically boosts your attributes as you level up.


Message History

The worldbinder is knocked back by the mystic blast.
The worldbinder slams into the translucent stone wall!
The bog body disappears in a puff of smoke!
The worldbinder calls forth creatures from the Swamp!
Casting: Iskenderun's Mystic Blast (dangerous; 1% risk of failure)
Confirm with . or Enter, or press ? or * to list all spells.
Aiming: Fulminant Prism (dangerous; 1% risk of failure)
Press: ? - help, Dir - move target You conjure a prism of explosive energy!
A fulminant prism comes into view.
The worldbinder calls forth creatures from the Swamp!
The goliath frog enters a dispersal trap!
The swamp drake blinks! x2; You blink.
You hear a loud crackle.
A goliath frog is nearby!
A goliath frog is nearby!
You hear an explosion!
You start resting.
There are monsters nearby!
There are monsters nearby!
The goliath frog hits you.
* * * LOW HITPOINT WARNING * * *
You are splashed with acid!
* * * LOW HITPOINT WARNING * * *
The goliath frog disappears in a puff of smoke!
The worldbinder calls forth creatures from the Swamp!
The goliath frog hits you from afar!
* * * LOW HITPOINT WARNING * * *
You are splashed with acid.
* * * LOW HITPOINT WARNING * * *
Casting: Fulminant Prism (dangerous; 1% risk of failure)
Confirm with . or Enter, or press ? or * to list all spells.
Aiming: Fulminant Prism (dangerous; 1% risk of failure)
Press: ? - help, Dir - move target You conjure a prism of explosive energy!
A fulminant prism comes into view.
The goliath frog disappears in a puff of smoke!
The bog body gestures at you while chanting.
The bolt of cold hits you!!
You die...

..#..#...#..##.##..#..#
...#.#...#.##...##.#..###
....##...#.........#..#8#
######...###########..###
©.#....≈....#.©.#.....#
..#.8.≈8≈.8.#...#.8...###
©.#....≈....#.©.#.....#8#
######...###########..###
.....#...#..n.§.@..#..#
.#.#.#...#.#*x.###§#..###
#.#..#####.k.###...#..#8#
.#.#.#...#.#^#...#^#..###
©.#..#©.©#.#..©###.#..#
.#.#.#...#...###...#..###
#.#..#####.###..^#.#..#8#
.#.#.#...#.#.§.###.#..###
.....#.8.#.^.?©....#..#


You could see a worldbinder, a bog body (summoned, ally target), a swamp drake
(summoned) and a friendly fulminant prism.

Vanquished Creatures
  3 two-headed ogres
  Pikel (D:4)
  An oklob plant (Gauntlet)
  A cyclops (D:7)
  A komodo dragon (D:11)
  A queen bee (D:10)
  2 trolls
  Prince Ribbit (D:7)
  A hornet (D:10)
  3 slime creatures (D:10)
  2 wraiths (D:10)
  2 wyverns
  A steam dragon (D:9)
  3 vampire mosquitoes (D:11)
  2 acid dragons (Gauntlet)
  4 water moccasins
  2 black bears (D:5)
  An ice beast (D:7)
  6 orc warriors
  3 boggarts (Gauntlet)
  3 ogres
  5 centaurs
  2 lemures (D:4)
  A kobold brigand (D:9)
  5 bullfrogs
  4 scorpions
  2 water moccasin zombies
  3 water moccasin skeletons
  23 killer bees
  3 wights (D:9)
  5 centaur zombies
  3 bullfrog zombies
  A jelly (D:5)
  4 hounds
  Crazy Yiuf (D:7)
  9 orc priests
  A centaur skeleton (D:5)
  2 gnoll shamans (D:7)
  3 iguanas (D:5)
  Jessica (D:2)
  11 orc wizards
  2 killer bee zombies
  A hound zombie (D:5)
  2 hound skeletons
  A howler monkey zombie (D:6)
  Robin (D:3)
  12 gnolls
  15 adders
  2 river rats (D:6)
  5 shadow imps
  2 white imps (D:6)
  3 ufetubi
  An adder zombie (D:5)
  6 worms
  30 orcs
  9 bats
  14 endoplasms
  10 giant cockroaches
  12 goblins
  13 hobgoblins
  4 jackals (D:4)
  11 quokkas
  10 ball pythons
  7 frilled lizards
  17 kobolds
  8 rats
331 creatures vanquished.

Vanquished Creatures (others)
  73 fulminant prisms
73 creatures vanquished.

Grand Total: 404 creatures vanquished

Notes
Turn   | Place    | Note
-------+----------+-------------------------------------------
     0 | D:1      | pkoi the Demigod Conjurer began the quest for the Orb.
     0 | D:1      | Reached XP level 1. HP: 14/14 MP: 5/5
   521 | D:1      | Reached XP level 2. HP: 20/20 MP: 4/7
   525 | D:1      | Learned a level 2 spell: Searing Ray
   558 | D:1      | Reached skill level 4 in Conjurations
  1326 | D:2      | Reached XP level 3. HP: 22/26 MP: 3/9
  2177 | D:2      | Noticed Jessica
  2183 | D:2      | Killed Jessica
  2184 | D:2      | Reached XP level 4. HP: 33/33 MP: 3/10
  2815 | D:3      | Reached skill level 5 in Conjurations
  2855 | D:3      | Found a transporter.
  2886 | D:3      | Noticed an ogre
  2889 | D:3      | Noticed BobtheKiller's ghost (weakling TrMo)
  3377 | D:3      | Learned a level 4 spell: Iskenderun's Mystic Blast
  3429 | D:3      | Reached skill level 1 in Evocations
  3506 | D:3      | Found a transporter.
  3572 | D:3      | Reached XP level 5. HP: 38/38 MP: 10/12
  3731 | D:3      | Noticed Robin
  3741 | D:3      | Killed Robin
  4626 | D:4      | Noticed a centaur
  4634 | D:4      | Killed a centaur
  4635 | D:4      | Reached skill level 1 in Translocations
  5217 | D:4      | Reached XP level 6. HP: 42/45 MP: 6/13
  5241 | D:4      | Learned a level 4 spell: Fulminant Prism
  5427 | D:4      | Reached skill level 6 in Conjurations
  5600 | D:4      | Noticed Pikel
  5918 | D:5      | Entered Level 5 of the Dungeon
  5918 | D:5      | Found Segoq's Self-Improvement Boutique.
  5992 | D:5      | Reached skill level 1 in Fighting
  5992 | D:5      | Reached skill level 1 in Armour
  5992 | D:5      | Reached skill level 1 in Hexes
  6371 | D:5      | Noticed a water moccasin
  6680 | D:5      | Reached XP level 7. HP: 52/52 MP: 10/14
  7086 | D:5      | You fall into a shaft and drop 2 floors!
  7086 | D:7      | Found a staircase to the Ecumenical Temple.
  7092 | D:7      | Noticed Prince Ribbit
  7384 | D:6      | Found a glowing drain.
  7393 | Sewer    | Entered a sewer
  8387 | D:6      | Reached XP level 8. HP: 47/61 MP: 10/15
  8480 | D:6      | Reached skill level 7 in Conjurations
  9600 | D:6      | Noticed a +0 hand axe
  9600 | D:6      | Noticed a +0 hand axe
 10294 | D:5      | Reached skill level 8 in Conjurations
 10294 | D:5      | Reached XP level 9. HP: 45/69 MP: 8/16
 11649 | D:4      | Killed Pikel
 12020 | D:7      | Killed Prince Ribbit
 12021 | D:7      | Reached skill level 9 in Conjurations
 12082 | D:7      | Reached skill level 5 in Dodging
 12082 | D:7      | Reached skill level 5 in Translocations
 12101 | D:6      | Learned a level 1 spell: Apportation
 12573 | D:7      | Noticed a cyclops
 12767 | D:7      | Killed a cyclops
 12768 | D:7      | Reached skill level 5 in Hexes
 13190 | D:7      | Found a runed translucent door.
 13191 | D:7      | Noticed Crazy Yiuf
 13310 | D:7      | Killed Crazy Yiuf
 13311 | D:7      | Reached XP level 10. HP: 66/77 MP: 0/17
 13784 | D:8      | Found a runed translucent door.
 13785 | D:8      | Noticed a sixfirhy
 14753 | D:9      | Reached skill level 10 in Conjurations
 16434 | D:10     | Entered Level 10 of the Dungeon
 17153 | D:10     | Noticed a two-headed ogre
 17160 | D:10     | Killed a two-headed ogre
 17566 | D:10     | Noticed a two-headed ogre
 17995 | D:10     | Reached XP level 11. HP: 84/84 MP: 1/20
 18424 | D:10     | Noticed a two-headed ogre
 18432 | D:10     | Killed a two-headed ogre
 19057 | D:11     | Noticed a two-headed ogre
 19065 | D:11     | Killed a two-headed ogre
 19093 | D:11     | Found a gate leading to a gauntlet.
 19120 | Gauntlet | Entered a Gauntlet
 19120 | Gauntlet | Found a large runed translucent door.
 19120 | Gauntlet | Found a large runed translucent door.
 19120 | Gauntlet | Found a large runed translucent door.
 19120 | Gauntlet | Found a large runed translucent door.
 19120 | Gauntlet | Found a large runed translucent door.
 19120 | Gauntlet | Found a large runed translucent door.
 19120 | Gauntlet | Found a large runed translucent door.
 19120 | Gauntlet | Found a large runed translucent door.
 19120 | Gauntlet | Found a runed translucent door.
 19120 | Gauntlet | Found a runed translucent gate.
 19120 | Gauntlet | Found a transporter.
 19120 | Gauntlet | Found a transporter.
 19120 | Gauntlet | Found a runed translucent gate.
 19120 | Gauntlet | Found a transporter.
 19124 | Gauntlet | Found a transporter.
 19126 | Gauntlet | Found a transporter.
 19134 | Gauntlet | Found a transporter.
 19134 | Gauntlet | Found the necklace of Bloodlust {*Rage Will++ Int-3 Slay+6}
 19139 | Gauntlet | Found a transporter.
 19144 | Gauntlet | Noticed a fire crab
 19163 | Gauntlet | Noticed a death drake
 19164 | Gauntlet | Found a runed translucent gate.
 19165 | Gauntlet | Found a large runed translucent door.
 19165 | Gauntlet | Found a large runed translucent door.
 19166 | Gauntlet | Found a large runed translucent door.
 19167 | Gauntlet | Found a large runed translucent door.
 19168 | Gauntlet | Found a large runed translucent door.
 19168 | Gauntlet | Found a large runed translucent door.
 19168 | Gauntlet | Found a runed translucent door.
 19169 | Gauntlet | Found a large runed translucent door.
 19170 | Gauntlet | Found a large runed translucent door.
 19199 | Gauntlet | Found a transporter.
 19215 | Gauntlet | Found a transporter.
 19224 | Gauntlet | Found a transporter.
 19234 | Gauntlet | Found a transporter.
 19249 | Gauntlet | Found a transporter.
 19278 | Gauntlet | Noticed a swamp dragon
 19322 | Gauntlet | Noticed a deep troll
 19376 | Gauntlet | Noticed a steelbarb worm
 19378 | Gauntlet | a deep troll changed into a mana viper
 19378 | Gauntlet | Noticed a harpy
 19378 | Gauntlet | a queen bee changed into a harpy
 19699 | Gauntlet | Noticed a bog body
 19700 | Gauntlet | Noticed a bog body
 19700 | Gauntlet | Noticed a bog body
 19700 | Gauntlet | Noticed a bog body
 19706 | Gauntlet | Reached skill level 5 in Fighting
 19706 | Gauntlet | Reached skill level 5 in Armour
 19711 | Gauntlet | Noticed a goliath frog
 19712 | Gauntlet | Noticed a goliath frog
 19718 | Gauntlet | Noticed a bog body
 19718 | Gauntlet | Killed from afar by a bog body

Illustrated notes

Levels and vault maps discovered:
D:1:      dpeg_arrival_pits, layout_basic, shapermc_ecumenical_altar_venn
D:2:      layout_rooms, grunt_ministairs_6, uniq_jessica
D:3:      layout_loops_ring, mainiacjoe_overflow_alcove_2,
          gammafunk_ghost_arena, minmay_misc_feat_cross, uniq_robin
D:4:      nicolae_cairo_tiling, layout_basic, grunt_qazlal_clouds, uniq_pikel
D:5:      minmay_polygon_palace, layout_basic, okawaru_metal_pillars_1_2,
          nicolae_shop_self_help
D:6:      layout_loops_ring, dancing_weapons_uskayaw,
          nicolae_yredelemnul_corpse_copse, mainiacjoe_overflow_catwalk,
          portal_sewer_entry_e
D:7:      layout_cave_pools, minmay_temple_entry_mini_moons,
          uniq_crazy_yiuf_cottage, uniq_prince_ribbit1
D:8:      cheibrodos_shockbox, layout_cave_pods, overflow_temple_1_default
D:9:      layout_stronghold, minivault_26, st_stairs_7
D:10:     kennysheep_blocky_hall, layout_basic, mainiacjoe_overflow_alcove_4,
          ashenzari_altar_1, vehumet_altar_wand_db, lemuel_round_altar,
          cheibrodos_worm_habitat, minivault_7
D:11:     layout_rooms, erik_lair_island, gauntlet_entry_generic
Gauntlet: gammafunk_gauntlet_shortcut
          [minmay_gauntlet_arena_make_your_own_arena,
          nicolae_gauntlet_arena_blocks, gammafunk_gauntlet_arena_split_x,
          nicolae_gauntlet_arena_grate_2, gammafunk_gauntlet_arena_grid,
          nicolae_gauntlet_arena_x, gauntlet_exit_green]

Skill      XL: |  1  2  3  4  5  6  7  8  9 10 11 |
---------------+----------------------------------+-----
Spellcasting   | 2 3 4 |  4.7
Conjurations   | 4 5 6 8 9 10 | 10.1
Evocations     | 1 2 3 |  3.5
Translocations | 1 2 4 5 6 |  6.0
Dodging        | 2 3 4 5 6 |  6.5
Fighting       | 1 2 3 4 5 |  5.0
Armour         | 1 2 3 4 5 |  5.0
Hexes          | 1 2 3 5 6 |  6.9
Stealth        | |  1.7

Action                   |  1- 3 |  4- 6 |  7- 9 | 10-12 || total
-------------------------+-------+-------+-------+-------++-------
Melee: Short sword       |       |     2 |       |       ||     2
       Spear             |       |     1 |    37 |       ||    38
       Punch             |       |       |     1 |       ||     1
       Dagger            |       |       |       |    20 ||    20
 Cast: Magic Dart        |    87 |   144 |   165 |    36 ||   432
       Searing Ray       |       |    12 |    23 |     1 ||    36
       Iskenderun's Myst |       |     1 |    43 |    79 ||   123
       Fulminant Prism   |       |       |    22 |    52 ||    74
  Use: Scroll            |       |     6 |     4 |    12 ||    22
Armor: Robe              |       |    13 |    38 |     5 ||    56
       Steam dragon scal |       |       |       |    11 ||    11
Dodge: Dodged            |     4 |    41 |    90 |    56 ||   191
